 Dungeon Crawl Stone Soup version 0.23.2-1-ga50397a (webtiles) character file.

Game seed: 1935757715525032999

285 schauveau the Slinger (level 6, -5/39 HPs)
             Began as a Halfling Hunter on May 4, 2019.
             Slain by Edmund
             ... wielding a +2 flail of protection
              (10 damage)
             ... on level 4 of the Dungeon.
             The game lasted 00:03:52 (2202 turns).

schauveau the Slinger (Halfling Hunter)             Turns: 2202, Time: 00:03:53

Health: -5/39      AC:  4    Str: 13    XL:     6   Next: 55%
Magic:  6/6        EV: 14    Int:  9    God:
Gold:   128        SH:  0    Dex: 17    Spells: 5/5 levels left

rFire    . . .     SeeInvis .   a - +1 hunting sling
rCold    . . .     Gourm    .   (shield restricted)
rNeg     . . .     Faith    .   c - +0 leather armour
rPois    .         Spirit   .   (no helmet)
rElec    .         Reflect  .   (no cloak)
rCorr    .         Harm     .   (no gloves)
MR       +....                  r - +0 pair of boots
Stlth    ++........             (no amulet)
HPRegen  0.13/turn              k - ring of protection from magic
MPRegen  0.10/turn              (no ring)

@: no status effects
A: small, mutation resistance 1
a: no special abilities


You were on level 4 of the Dungeon.
You were not hungry.

You visited 1 branch of the dungeon, and saw 5 of its levels.

You collected 128 gold pieces.

Inventory:

Hand Weapons
 a - a +1 hunting sling (weapon)
 b - a +1 dagger of venom
Missiles
 d - a sling bullet (quivered)
 o - 55 stones
 t - 5 tomahawks
Armour
 c - a +0 leather armour (worn)
 r - a +0 pair of boots (worn)
Jewellery
 k - a ring of protection from magic (left hand)
Wands
 m - a wand of digging (4)
Scrolls
 g - 2 scrolls of noise {unknown}
 i - 4 scrolls of identify {unknown}
 j - a scroll of teleportation {unknown}
 l - a scroll of enchant armour {unknown}
 n - a scroll of amnesia {unknown}
 p - a scroll of fear {unknown}
 v - a scroll of immolation {unknown}
Potions
 e - 4 potions of curing {unknown}
 h - a potion of mutation {unknown}
 q - a potion of haste {unknown}
 s - a potion of heal wounds {unknown}
Comestibles
 f - 9 rations


   Skills:
 - Level 1.7 Fighting
 * Level 10.5 Slings
 - Level 2.1 Dodging
 - Level 1.1 Stealth


You had 5 spell levels left.
You didn't know any spells.
Your spell library was empty.

Dungeon Overview and Level Annotations

Branches:
Dungeon (5/15)
 Temple: D:4-7

Altars:
Vehumet
The Shining One

Annotations:
D:3 1 runed translucent door, doot's ghost, amateur DsAK
D:4 Edmund


Innate Abilities, Weirdness & Mutations

You are small and have problems with some larger weapons.
You are somewhat resistant to further mutation.


Message History

Firing (i - inventory. (/) - cycle)
d - 4 sling bullets (quivered)
Press: ? - help, Shift-Dir - straight line, f/p - Edmund
Aim: Edmund, wielding a +2 flail of protection and wearing a +0 ring mail (almost dead)
You shoot a sling bullet. The sling bullet barely misses Edmund.
Firing (i - inventory. (/) - cycle)
d - 3 sling bullets (quivered)
Press: ? - help, Shift-Dir - straight line, f/p - Edmund
Aim: Edmund, wielding a +2 flail of protection and wearing a +0 ring mail (almost dead)
You shoot a sling bullet.
The sling bullet hits Edmund but does no damage.
Edmund is almost dead.
Edmund hits you with a +2 flail of protection.
* * * LOW HITPOINT WARNING * * *
Firing (i - inventory. (/) - cycle)
d - 2 sling bullets (quivered)
Press: ? - help, Shift-Dir - straight line, f/p - Edmund
Aim: Edmund, wielding a +2 flail of protection and wearing a +0 ring mail (almost dead)
You shoot a sling bullet.
The sling bullet hits Edmund but does no damage.
Edmund is almost dead.
Edmund hits you with a +2 flail of protection!
You die...

#.# ###.# #.# #(#
#.# #.# #.# #.#
#.# #.# #.# #.#
#.# #(# #.# #@#
#.# #@#
#.############.###
#.#..............#
#.#.##############
#.#.# #.#.# #.#.#
#.#.#
#.#.#############


You could see Edmund.

Vanquished Creatures
  A phantom (D:4)
  A scorpion (D:2)
  A howler monkey (D:4)
  A hound (D:4)
  A worker ant (D:4)
  3 adders
  A worm (D:2)
  7 orcs (D:4)
  A ball python (D:2)
  4 hobgoblins
  3 jackals (D:2)
  2 quokkas (D:4)
  3 bats
  3 frilled lizards
  A goblin (D:1)
  2 kobolds
  A rat (D:3)
36 creatures vanquished.

Notes
Turn   | Place    | Note
-------+----------+-------------------------------------------
     0 | D:1      | schauveau the Halfling Hunter began the quest for the Orb.
     0 | D:1      | Reached XP level 1. HP: 14/14 MP: 1/1
   233 | D:1      | Reached skill level 6 in Slings
   542 | D:2      | Reached XP level 2. HP: 19/19 MP: 2/2
   773 | D:2      | Noticed a scorpion
   815 | D:2      | Killed a scorpion
   815 | D:2      | Reached skill level 8 in Slings
   815 | D:2      | Reached XP level 3. HP: 18/24 MP: 3/3
   815 | D:2      | Reached XP level 4. HP: 21/29 MP: 4/4
  1513 | D:3      | Found a runed translucent door.
  1513 | D:3      | Noticed doot's ghost (amateur DsAK)
  1577 | D:4      | Reached XP level 5. HP: 34/34 MP: 5/5
  1607 | D:4      | Found a radiant altar of Vehumet.
  1607 | D:4      | Found a glowing golden altar of the Shining One.
  1619 | D:5      | Entered Level 5 of the Dungeon
  1680 | D:4      | Reached skill level 9 in Slings
  1927 | D:4      | Reached XP level 6. HP: 39/39 MP: 6/6
  2115 | D:4      | Noticed a phantom
  2135 | D:4      | Killed a phantom
  2135 | D:4      | Reached skill level 10 in Slings
  2157 | D:4      | Noticed Edmund
  2202 | D:4      | Slain by Edmund

Skill      XL: |  1  2  3  4  5  6 |
---------------+-------------------+-----
Slings         | 6 8 9 10 | 10.5
Fighting       | |  1.7
Dodging        | |  2.1
Stealth        | |  1.1

Action                   |  1- 3 |  4- 6 || total
-------------------------+-------+-------++-------
Melee: Short sword       |    11 |       ||    11
       Dagger            |    23 |    13 ||    36
 Fire: Hunting sling     |     3 |   124 ||   127
  Eat: Chunk             |       |     4 ||     4
Armor: Leather armour    |     4 |     9 ||    13
Dodge: Dodged            |    23 |    38 ||    61
